Map: Acid Plant LE

Players

Gemini

  • Race: Protoss Protoss
  • League: Grandmaster
  • Spawn Location: 5:00

A.I. 1 (Very Easy) - Winner!

  • Race: Zerg Zerg
  • Spawn Location: 11:00

VOD

Have the link to the VOD?

Description

Time

  • Played on: May 27, 2018, 2:16 a.m.
  • Length: 8:00
Show
View Real Time Build Order
Export as new Build Order

Gemini Protoss 

Build Orders: 1 Gate Expand, Oracle Opening, Phoenix Opening 

Get SALT Encoding   

  12  0:00  Probe  
  13  0:13  Probe  
  14  0:18  Pylon  
  14  0:25  Probe  
  15  0:33  Probe  
  15  0:39  Gateway  
  15  0:41  Probe  
  16  0:47  Assimilator  
  17  0:51  Probe  
  18  1:03  Probe  
  19  1:15  Probe  
  20  1:24  Nexus  
  20  1:34  Cybernetics Core  
  20  1:36  Probe  
  21  1:44  Assimilator  
  21  1:48  Probe  
  21  1:52  Pylon  
  22  2:00  Probe  
  23  2:02  Adept  
  23  2:13  Probe  
  26  2:21  Stargate  
  26  2:25  Probe  
  27  2:30  Warp Gate  
  27  2:32  Probe  
  27  2:34  Adept  
  30  2:37  Probe  
  30  2:40  Probe  
  31  2:49  Probe  
  33  2:51  Probe  
  33  2:58  Phoenix  
  34  3:01  Probe  
  34  3:05  Probe  
  38  3:11  Pylon  
  38  3:13  Probe  
  38  3:17  Probe  
  40  3:23  Oracle  
  40  3:24  Assimilator  
  40  3:25  Probe  
  44  3:29  Assimilator  
  44  3:30  Probe  
  45  3:36  Gateway  
  45  3:37  Probe  
  46  3:42  Probe  
  47  3:49  Probe  
  47  3:53  Stargate  
  47  3:54  Probe  
  49  3:59  Pylon  
  49  4:03  Probe  
  49  4:05  Phoenix  
  49  4:06  Probe  
  51  4:13  Pylon  
  51  4:16  Probe  
  54  4:18  Probe  
  55  4:24  Phoenix  
  55  4:27  Pylon  
  55  4:29  Probe  
  55  4:30  Probe  
  59  4:33  Phoenix  
  59  4:41  Probe  
  59  4:43  Phoenix, Pylon  
  62  4:46  Zealot x2  
  68  4:59  Phoenix  
  68  5:06  Phoenix  
  70  5:09  Nexus  
  70  5:11  Pylon  
  72  5:16  Probe x2  
  74  5:23  Phoenix x2  
  76  5:29  Probe x2  
  80  5:37  Pylon  
  80  5:41  Shield Battery, Probe x2  
  82  5:50  Phoenix x2  
  82  5:53  Probe x2  
  88  5:59  Robotics Facility  
  88  6:01  Robotics Facility  
  88  6:12  Probe, Forge  
  88  6:14  Pylon  
  88  6:17  Probe  
  90  6:24  Probe  
  90  6:25  Pylon  
  91  6:29  Gateway  
  91  6:31  Gateway  
  91  6:32  Gateway  
  91  6:34  Probe x2  
  91  6:36  Probe  
  91  6:37  Phoenix  
  96  6:48  Observer x2  
  96  6:50  Pylon  
  96  6:51  Assimilator  
  98  6:54  Probe x2  
  98  6:55  Twilight Council  
  98  7:01  Immortal  
  100  7:05  Gateway  
  100  7:06  Gateway  
  100  7:08  Pylon  
  100  7:11  Immortal  
  104  7:16  Probe x3  
  104  7:17  Assimilator  
  104  7:20  Zealot  
  113  7:28  Probe x2  
  115  7:30  Probe  
  115  7:33  Templar Archives  
  115  7:36  Pylon  
  116  7:40  Probe x2  
  116  7:42  Probe  
Show
View Real Time Build Order
Export as new Build Order

A.I. 1 (Very Easy) Zerg - Winner!

Build Orders: Pool First 

Get SALT Encoding   

  12  0:01  Drone  
  13  0:12  Overlord  
  13  0:16  Drone  
  14  0:36  Spawning Pool  
  14  0:37  Extractor  
  14  0:39  Drone  
  13  0:47  Drone  
  14  0:53  Overlord  
  14  1:23  Zergling x2  
  14  1:24  Queen  
  17  1:32  Roach Warren  
  16  1:35  Drone  
  16  1:39  Extractor  
  16  1:42  Zergling x2  
  16  1:44  Drone  
  18  1:56  Drone  
  18  2:00  Zergling x2  
  20  2:07  Drone  
  21  2:18  Drone  
  22  2:28  Drone  
  23  2:31  Overlord  
  23  2:36  Drone  
  24  2:43  Drone  
  25  4:41  Drone  
  24  4:48  Drone  
  25  5:51  Lair, Roach, Drone  
  25  5:52  Overlord  
  28  5:58  Drone  
  29  6:05  Drone  
  30  6:13  Drone  
  30  6:18  Overlord  
  29  6:20  Zergling x2  
  29  6:21  Drone  
  28  6:28  Drone  
  28  6:35  Drone  
  28  6:39  Overlord  
  28  6:44  Drone  
  24  6:48  Queen, Zergling x2  
  24  6:49  Overseer  
  24  6:50  Overseer  
  24  6:51  Drone  
  26  6:59  Overlord, Drone  
  19  7:05  Overseer  
  19  7:06  Drone  
  20  7:13  Drone  
  21  7:17  Overlord, Zergling x2  
  21  7:20  Drone  
  23  7:28  Drone  
  24  7:39  Hatchery, Drone  
Tags
 
Add a new tag
Caveats
  • Supply blocks, unpowered buildings, or Contaminate may cause inaccurate times.
  • Supply counts are checked every 10 seconds.